 Dungeon Crawl Stone Soup version 0.22-a0-608-g8a62e23 (webtiles) character file.

304 digijack the Magician (level 6, -3/66 HPs)
             Began as a Gnoll Wizard on July 9, 2018.
             Slain by Scuka's ghost (9 damage)
             ... on level 4 of the Dungeon.
             The game lasted 00:24:10 (3736 turns).

digijack the Magician (Gnoll Wizard)                Turns: 3736, Time: 00:24:11

Health: -3/66      AC:  2    Str: 14    XL:     6   Next: 38%
Magic:  2/16       EV: 14    Int: 23    God:
Gold:   228        SH:  0    Dex: 13    Spells: 10/19 levels left

rFire    . . .     SeeInvis .   g - staff of wizardry
rCold    . . .     Gourm    .   (no shield)
rNeg     . . .     Faith    .   a - +0 robe
rPois    .         Spirit   .   b - +0 hat
rElec    .         Reflect  .   (no cloak)
rCorr    .         Harm     .   (no gloves)
MR       .....                  (no boots)
Stlth    ..........             (no amulet)
HPRegen  0.21/turn              (no ring)
MPRegen  0.15/turn              (no ring)

@: berserking, slow
A: distributed training, fangs 1, strong nose
a: no special abilities


You were on level 4 of the Dungeon.
You were not hungry.

You visited 1 branch of the dungeon, and saw 4 of its levels.

You collected 228 gold pieces.

Inventory:

Armour
 a - a +0 robe (worn)
 b - a +0 hat (worn)
 h - a +0 large shield
 l - a +0 pair of boots
Magical Staves
 g - an uncursed staff of wizardry (weapon)
Wands
 n - a wand of enslavement (13)
Scrolls
 j - 2 scrolls of remove curse
 k - 3 scrolls of identify
 m - a scroll of enchant weapon
Potions
 f - a potion of invisibility
Comestibles
 d - 7 rations


   Skills:
 + Level 1.9 Fighting
 + Level 1.9 Short Blades
 + Level 1.9 Long Blades
 + Level 1.9 Axes
 + Level 1.9 Maces & Flails
 + Level 1.9 Polearms
 + Level 1.9 Staves
 + Level 1.9 Slings
 + Level 1.9 Bows
 + Level 1.9 Crossbows
 + Level 1.9 Throwing
 + Level 1.9 Armour
 + Level 4.9 Dodging
 + Level 4.5 Stealth
 + Level 1.9 Shields
 + Level 1.9 Unarmed Combat
 + Level 7.4 Spellcasting
 + Level 2.6 Conjurations
 + Level 1.5 Hexes
 + Level 1.5 Charms
 + Level 2.6 Summonings
 + Level 1.5 Necromancy
 + Level 2.6 Translocations
 + Level 1.5 Transmutations
 + Level 1.5 Fire Magic
 + Level 1.5 Ice Magic
 + Level 1.5 Air Magic
 + Level 1.5 Earth Magic
 + Level 1.5 Poison Magic
 + Level 2.1 Invocations
 + Level 1.9 Evocations


You had 10 spell levels left.
You knew the following spells:

 Your Spells              Type           Power        Failure   Level  Hunger
a - Magic Dart            Conj           ###.         1%          1    None
b - Call Imp              Summ           ###.....     1%          2    None
c - Mephitic Cloud        Conj/Pois/Air  ###.....     4%          3    None
d - Conjure Flame         Conj/Fire      ###.....     4%          3    None

Your spell library contained the following spells:

 Spells                   Type           Power        Failure   Level  Hunger
 Slow                     Hex            ###.....     2%          2    None
 Blink                    Tloc           N/A          1%          2    None


Dungeon Overview and Level Annotations

Branches:
Dungeon (4/15)
 Temple: D:4-7

Altars:
The Shining One

Annotations:
D:3 1 runed door
D:4 Scuka's ghost, amateur GrBe


Innate Abilities, Weirdness & Mutations

Your experience applies equally to all skills.
You have very sharp teeth.
Your uncanny sense of smell can sniff out nearby items.


Message History

Scuka's ghost closely misses you.
Evoke which item? (* to show all) (? for menu, Esc to quit)
Okay, then.
You feel better. Scuka's ghost hits you!
* * * LOW HITPOINT WARNING * * *
You feel better.
Scuka's ghost shouts, "They lied to you.
The Dungeon just goes down and down forever."
Scuka's ghost closely misses you.
You feel better. Scuka's ghost hits you!
* * * LOW HITPOINT WARNING * * *
A red film seems to cover your vision as you go berserk!
You feel yourself moving faster!
You feel mighty! Scuka's ghost hits you.
* * * LOW HITPOINT WARNING * * *
You closely miss Scuka's ghost. Your bite misses Scuka's ghost.
Scuka's ghost is lightly damaged.
Scuka's ghost hits you!
* * * LOW HITPOINT WARNING * * *
Your unstable footing causes you to fumble your attack.
Scuka's ghost hits you!
You die...

##.## #..####### #.
###...## #........# #.
.......# #.######.# ##.
###....#######.# ##.#
####.#.........# ##.##
.###.########### ### #.##
..##5# #..## .# ... ##.##
.#.#.# #.######## ... #.#
##.# #.##.####.'≈≈≈5W@#.
#.. ... ##.
.###......########.# ..#
###.#### ## ######..##
#.##(# ...#.....# # ####
#.##.# #.#.###.## # #.##.##
#...#..... #
#.#...######.#.###. #
#.#.#..........#...
#########.#...########.#...
#..............# #...##


You could see Scuka's ghost and a friendly crimson imp.

Vanquished Creatures
  A phantom (D:4)
  2 gnolls (D:4)
  4 adders
  An ooze (D:2)
  A dart slug (D:1)
  7 leopard geckos
  2 orcs (D:3)
  5 giant cockroaches
  4 goblins
  5 hobgoblins
  A jackal (D:2)
  A quokka (D:3)
  A ball python (D:2)
  6 bats
  9 frilled lizards
  2 kobolds
  A leopard gecko skeleton (D:4)
  4 rats
57 creatures vanquished.

Vanquished Creatures (collateral kills)
  An ogre (D:4)
  A worker ant (D:4)
  A hound skeleton (D:4)
  2 adders
  2 gnolls (D:4)
  An ooze (D:3)
  2 worms (D:3)
  2 hobgoblins
  4 jackals
  A frilled lizard (D:4)
17 creatures vanquished.

Grand Total: 74 creatures vanquished

Notes
Turn   | Place    | Note
-------+----------+-------------------------------------------
     0 | D:1      | digijack the Gnoll Wizard began the quest for the Orb.
     0 | D:1      | Reached XP level 1. HP: 13/13 MP: 8/8
   193 | D:1      | Reached XP level 2. HP: 17/19 MP: 3/10
   782 | D:1      | Reached XP level 3. HP: 25/25 MP: 8/11
   901 | D:1      | Learned a level 2 spell: Call Imp
   905 | D:1      | Learned a level 3 spell: Mephitic Cloud
  1087 | D:2      | Reached skill level 1 in Invocations
  1526 | D:3      | Reached skill level 1 in Fighting
  1526 | D:3      | Reached skill level 1 in Short Blades
  1526 | D:3      | Reached skill level 1 in Long Blades
  1526 | D:3      | Reached skill level 1 in Axes
  1526 | D:3      | Reached skill level 1 in Maces & Flails
  1526 | D:3      | Reached skill level 1 in Polearms
  1526 | D:3      | Reached skill level 1 in Staves
  1526 | D:3      | Reached skill level 1 in Slings
  1526 | D:3      | Reached skill level 1 in Bows
  1526 | D:3      | Reached skill level 1 in Crossbows
  1526 | D:3      | Reached skill level 1 in Throwing
  1526 | D:3      | Reached skill level 1 in Armour
  1526 | D:3      | Reached skill level 1 in Shields
  1526 | D:3      | Reached skill level 1 in Unarmed Combat
  1526 | D:3      | Reached skill level 1 in Evocations
  1526 | D:3      | Reached XP level 4. HP: 30/32 MP: 10/13
  1794 | D:3      | Found a glowing golden altar of the Shining One.
  1794 | D:3      | Found a runed door.
  1794 | D:3      | Noticed an angel
  1862 | D:3      | Learned a level 3 spell: Conjure Flame
  2338 | D:3      | Reached skill level 1 in Hexes
  2338 | D:3      | Reached skill level 1 in Charms
  2338 | D:3      | Reached skill level 1 in Necromancy
  2338 | D:3      | Reached skill level 1 in Transmutations
  2338 | D:3      | Reached skill level 1 in Fire Magic
  2338 | D:3      | Reached skill level 1 in Ice Magic
  2338 | D:3      | Reached skill level 1 in Air Magic
  2338 | D:3      | Reached skill level 1 in Earth Magic
  2338 | D:3      | Reached skill level 1 in Poison Magic
  2923 | D:4      | Noticed an ogre
  2931 | D:4      | Killed an ogre
  2931 | D:4      | Reached XP level 5. HP: 37/37 MP: 5/14
  3062 | D:4      | Noticed a phantom
  3095 | D:4      | Killed a phantom
  3095 | D:4      | Reached XP level 6. HP: 28/44 MP: 0/16
  3623 | D:4      | Found a runed door.
  3626 | D:4      | Noticed Scuka's ghost (amateur GrBe)
  3736 | D:4      | Slain by Scuka's ghost

Vault maps used:
D:1:      dpeg_arrival_rooms_with_view
D:3:      first_ration, lemuel_angel_altar
D:4:      kennysheep_mini, ebering_ghost_sewer_d, hangedman_abyss_or_decor_stabs

Skill      XL: |  1  2  3  4  5 |
---------------+----------------+-----
Conjurations   | 2 |  2.6
Summonings     | 2 |  2.6
Translocations | 2 |  2.6
Invocations    | 1 2 |  2.1
Fighting       | 1 |  1.9
Short Blades   | 1 |  1.9
Long Blades    | 1 |  1.9
Axes           | 1 |  1.9
Maces & Flails | 1 |  1.9
Polearms       | 1 |  1.9
Staves         | 1 |  1.9
Slings         | 1 |  1.9
Bows           | 1 |  1.9
Crossbows      | 1 |  1.9
Throwing       | 1 |  1.9
Armour         | 1 |  1.9
Shields        | 1 |  1.9
Unarmed Combat | 1 |  1.9
Evocations     | 1 |  1.9
Hexes          | 1 |  1.5
Charms         | 1 |  1.5
Necromancy     | 1 |  1.5
Transmutations | 1 |  1.5
Fire Magic     | 1 |  1.5
Ice Magic      | 1 |  1.5
Air Magic      | 1 |  1.5
Earth Magic    | 1 |  1.5
Poison Magic   | 1 |  1.5
Dodging        | |  4.9
Stealth        | |  4.5
Spellcasting   | |  7.4

Action                   |  1- 3 |  4- 6 || total
-------------------------+-------+-------++-------
Melee: Dagger            |     6 |       ||     6
       Unarmed           |     3 |       ||     3
       Staff             |       |    10 ||    10
 Cast: Magic Dart        |    75 |    88 ||   163
       Call Imp          |     2 |    24 ||    26
       Mephitic Cloud    |       |     3 ||     3
       Conjure Flame     |       |     2 ||     2
Evoke: Wand              |       |     1 ||     1
  Use: Potion            |     2 |     6 ||     8
       Scroll            |     4 |     4 ||     8
  Eat: Chunk             |     2 |     6 ||     8
Armor: Robe              |     4 |     2 ||     6
Dodge: Dodged            |    23 |    23 ||    46

Table legend:
 A = Spawn XP
 B = Non-spawn XP
 C = Spawn XP percentage of total XP
 D = Spawn monster count
 E = Non-spawn monster count
 F = Spawn count percentage of total count
 G = Total turns spent on level
                    A         B        C        D         E        F      G
               +---------+---------+-------+---------+---------+-------+---------
         Total |       0 |     435 |   0.0 |       0 |      74 |   0.0 |  3736
               +---------+---------+-------+---------+---------+-------+---------
           D:1 |       0 |      37 |   0.0 |       0 |      20 |   0.0 |   935
           D:2 |       0 |      37 |   0.0 |       0 |      15 |   0.0 |   588
           D:3 |       0 |      72 |   0.0 |       0 |      25 |   0.0 |  1387
           D:4 |       0 |     289 |   0.0 |       0 |      14 |   0.0 |   826
               +---------+---------+-------+---------+---------+-------+---------
